 Dungeon Crawl Stone Soup version 0.27-a0-660-g90476cec82 (webtiles) character file.

Game seed: 12940867468558304986

63 robertstho the Skirmisher (level 4, -2/37 HPs)
             Began as a Formicid Abyssal Knight on Mar 16, 2021.
             Was a Follower of Lugonu.
             Slain by an orc wizard
             ... wielding a +3 dagger
              (3 damage)
             ... on level 3 of the Dungeon.
             The game lasted 00:03:19 (1910 turns).

robertstho the Skirmisher (Formicid Abyssal Knight) Turns: 1910, Time: 00:03:21

Health: -2/37      AC:  9    Str: 17    XL:     4   Next: 30%
Magic:  5/5        EV:  9    Int: 12    God:    Lugonu [*.....]
Gold:   47         SH:  0    Dex: 10    Spells: 3/3 levels left

rFire    . . .     SeeInvis +   e - +0 war axe
rCold    . . .     Faith    .   (no shield)
rNeg     . . .     Spirit   .   c - +0 scale mail
rPois    .         Reflect  .   (helmet unavailable)
rElec    .         Harm     .   f - +2 cloak {Stlth+}
rCorr    .         Rampage  .   (no gloves)
Will     .....                  (no boots)
Stlth    +.........             (no amulet)
HPRegen  0.12/turn              (no ring)
MPRegen  0.09/turn              (no ring)

@: lethally poisoned (-2 -> -7), attractive
A: permanent stasis, dig shafts and tunnels, antennae 3, four strong arms
a: Dig, Shaft Self, Renounce Religion, Depart the Abyss


You were on level 3 of the Dungeon.
You worshipped Lugonu.
Lugonu was aware of your devotion.
You visited 1 branch of the dungeon, and saw 3 of its levels.
You visited the Abyss 1 time.

You collected 47 gold pieces.

Inventory:

Hand Weapons
 e - a +0 war axe (weapon)
Armour
 c - a +0 scale mail (worn)
 f - a +2 cloak of stealth (worn)


   Skills:
 * Level 4.1 Fighting
 + Level 2.5 Axes
 * Level 3.0 Armour
 + Level 1.2 Dodging
 + Level 0.3 Stealth
 * Level 2.5 Invocations


You had 3 spell levels left.
You didn't know any spells.
Your spell library was empty.

Dungeon Overview and Level Annotations

Branches:
Dungeon (2/15)

Altars:

Annotations:
D:2 1 runed translucent door, Crazy Yiuf, Sigmund


Innate Abilities, Weirdness & Mutations

You cannot be hasted, slowed, berserked, paralysed or teleported.
You can dig through walls and to a lower floor.
You have a pair of large antennae on your head. (SInv)
Your four strong arms can wield two-handed weapons with a shield.


Message History

* * * LOW HITPOINT WARNING * * *
The adder bites you but does no damage.
You closely miss the adder.
The adder is severely wounded.
You feel sick. The adder barely misses you. x2
It was a potion of attraction.
You feel attractive to monsters. The adder bites you but does no damage.
You closely miss the adder.
The adder is severely wounded.
The adder bites you but does no damage. The adder bites you.
* * * LOW HITPOINT WARNING * * *
You are lethally poisoned!
The adder poisons you!
You slash the adder!
You kill the adder!
Lugonu accepts your kill.
* * * LOW HITPOINT WARNING * * *
You feel sick. The orc wizard is pulled toward you!
Your life force feels restored.
Your Armour skill increases to level 3!
You hit the orc wizard but do no damage.
The orc wizard is moderately wounded.
You hit the orc wizard.
* * * LOW HITPOINT WARNING * * *
You feel sick.
The orc wizard gestures at you while chanting.
The magic dart hits you but does no damage.
The orc wizard hits you with a +0 dagger.
* * * LOW HITPOINT WARNING * * *
Unknown command.
You aren't carrying any pieces of jewellery.
Unknown command.
You hit the orc wizard but do no damage.
The orc wizard is moderately wounded.
You completely miss the orc wizard.
* * * LOW HITPOINT WARNING * * *
You feel sick.
The orc wizard hits you with a +3 dagger.
You die...

l......>.....#......<.#
......................#
..#..........)).........
# #............#........
....###................
#... #.#..............
#.. ###.###..........
#...#...##o..........
......$.lo@..#.......
.....###.###........ ...
#...###....## # #.#...
#.... ..###..$.... ###
## ..


You could see 2 orc wizards and a frilled lizard.

Vanquished Creatures
  2 adders (D:3)
  A worm (D:2)
  3 leopard geckos (D:1)
  2 orcs (D:3)
  7 bats
  A giant cockroach (D:1)
  8 goblins
  A hobgoblin (D:1)
  4 kobolds
  A quokka (D:3)
  5 frilled lizards (D:1)
  A rat (D:1)
36 creatures vanquished.

Notes
Turn   | Place    | Note
-------+----------+-------------------------------------------
     0 | Abyss:1  | robertstho the Formicid Abyssal Knight began the quest for
                  | the Orb.
     0 | Abyss:1  | Reached XP level 1. HP: 18/18 MP: 2/2
    52 | Abyss:1  | Noticed a neqoxec
    53 | D:1      | Escaped the Abyss
   427 | D:1      | Reached XP level 2. HP: 10/25 MP: 3/3
   431 | D:1      | Reached skill level 1 in Dodging
   431 | D:1      | Reached * piety under Lugonu
   861 | D:1      | Reached XP level 3. HP: 28/30 MP: 4/4
  1100 | D:2      | Noticed Sigmund
  1468 | D:2      | Found a runed translucent door.
  1469 | D:2      | Noticed Crazy Yiuf
  1560 | D:2      | You fall into a shaft and drop 1 floor!
  1620 | D:3      | Reached skill level 4 in Fighting
  1808 | D:3      | Reached XP level 4. HP: 28/36 MP: 5/5
  1910 | D:3      | HP: 1/37 [poisoned by an adder]
  1910 | D:3      | Slain by an orc wizard

Illustrated notes

Levels and vault maps discovered:
D:1:      dpeg_arrival_orchard, layout_rooms
D:2:      layout_loops_ring, uniq_sigmund, uniq_crazy_yiuf_cottage
D:3:      layout_rooms, uniq_grinder

Skill      XL: |  1  2  3  4 |
---------------+-------------+-----
Dodging        | 1 |  1.2
Fighting       | 4 |  4.1
Armour         | 3 |  3.0
Axes           | |  2.5
Stealth        | |  0.3
Invocations    | |  2.5

Action                   |  1- 3 |  4- 6 || total
-------------------------+-------+-------++-------
Melee: Hand axe          |    81 |       ||    81
       War axe           |    32 |    29 ||    61
Invok: Depart the Abyss  |     1 |       ||     1
 Abil: Shaft Self        |     1 |       ||     1
  Use: Scroll            |     5 |       ||     5
       Potion            |     1 |     1 ||     2
 Stab: Sleeping          |     1 |       ||     1
Armor: Leather armour    |    34 |       ||    34
       Scale mail        |    32 |    31 ||    63
Dodge: Dodged            |    79 |    19 ||    98

Table legend: (Time is in decaauts)
 A = Elapsed time spent in this place.
 B = Non-inter-level travel time spent in this place.
 C = Inter-level travel time spent in this place.
 D = Time resting spent in this place.
 E = Time spent auto-exploring this place.
 F = Levels seen in this place.
 G = Mean time per level.
                   A        B        C        D        E       F      G
               +--------+--------+--------+--------+--------+-----+--------+
         Total |   1949 |   1882 |     67 |    588 |    876 |   4 |  487.2 |
       Dungeon |   1896 |   1829 |     67 |    588 |    825 |   3 |  632.0 |
         Abyss |     53 |     53 |      0 |      0 |     51 |   1 |   53.0 |
               +--------+--------+--------+--------+--------+-----+--------+

Top non-repeatable levels by time:
     D:1: 1329 daAuts
     D:3: 372 daAuts
     D:2: 194 daAuts
 Abyss:1: 53 daAuts
